 Dungeon Crawl Stone Soup version 0.21-a0-286-g6fcecc0 (webtiles) character file.

1472 Lavandula the Chopper (level 8, -1/66 (67) HPs)
             Began as a Ghoul Warper on Sept 27, 2017.
             Was a Believer of Uskayaw.
             Slain by a hippogriff (5 damage)
             ... on level 9 of the Dungeon.
             The game lasted 00:19:54 (3226 turns).

Lavandula the Chopper (Ghoul Warper)                Turns: 3226, Time: 00:19:55

HP:   -1/66 (67)    AC:  5    Str: 15    XL:     8   Next: 78%
MP:   2/9           EV: 12    Int: 10    God:    Uskayaw [**....]
Gold: 245           SH:  0    Dex:  8    Spells: 2/10 levels left

rFire    . . .     SeeInvis .   o - +2 hand axe (chop)
rCold    + . .     Gourm    .   (no shield)
rNeg     + + +     Faith    .   a - +0 leather armour
rPois    ∞         Spirit   .   (no helmet)
rElec    .         Reflect  .   g - +1 cloak
rCorr    .         Harm     .   (no gloves)
MR       .....                  (no boots)
Stlth    +.........             (no amulet)
HPRegen  0.00/turn              (no ring)
MPRegen  0.11/turn              (no ring)

@: very slightly contaminated, rotting
A: rotting body, claws 1, carnivore 3, cold resistance 1, negative energy
resistance 3, inhibited regeneration, torment resistance, unbreathing
a: Stomp, Line Pass, Renounce Religion


You were on level 9 of the Dungeon.
You worshipped Uskayaw.
Uskayaw was noncommittal.
You were not hungry.

You visited 1 branch of the dungeon, and saw 9 of its levels.
You also visited: Sewer.

You collected 245 gold pieces.

Inventory:

Hand Weapons
 o - a +2 hand axe of chopping (weapon)
 p - a +2 war axe of electrocution
 t - a +3 flail of crushing
 v - a +1 mace of protection
Missiles
 d - 5 tomahawks of dispersal (quivered)
 m - 8 tomahawks
Armour
 a - a +0 leather armour (worn)
 g - a +1 cloak (worn)
 F - a cursed -2 robe
 H - the +1 chain mail of Irapluti {-Cast Int+6 Stlth-, unknown}
   (You found it on level 5 of the Dungeon)

   It affects your intelligence (+6).
   It prevents spellcasting.
   It makes you less stealthy.
Magical Staves
 I - an uncursed staff of earth
Jewellery
 r - a cursed -3 ring of strength {unknown}
Wands
 k - a wand of polymorph (12/24)
 n - a wand of scattershot (0/9)
Scrolls
 c - 3 scrolls of teleportation
 h - 2 scrolls of immolation
 s - a scroll of magic mapping
 u - a scroll of recharging {unknown}
 x - a scroll of enchant weapon
 B - a scroll of noise {unknown}
 G - a scroll of acquirement {unknown}
Potions
 e - a potion of lignification {unknown}
 i - 6 potions of curing {unknown}
 j - 2 potions of invisibility {unknown}
 l - a potion of resistance {unknown}
 q - a potion of brilliance {unknown}
 z - a potion of mutation {unknown}
 C - a potion of haste {unknown}
Books
 b - a book of Spatial Translocations

   Spells                             Type                      Level
   a - Blink                          Translocation                2
   b - Shroud of Golubria             Charms/Translocation         2
   c - Lesser Beckoning               Translocation                3
   d - Gell's Gravitas                Translocation                3
   e - Teleport Other                 Translocation                3
   f - Passage of Golubria            Translocation                4
 y - Tuazo's Catalogue of Enchanting Ignition
   (You found it on level 6 of the Dungeon)

   Spells                             Type                      Level
   a - Flame Tongue                   Conjuration/Fire             1
   b - Confusing Touch                Hexes                        1
   c - Throw Flame                    Conjuration/Fire             2
   d - Slow                           Hexes                        2
   e - Tukima's Dance                 Hexes                        3
 D - a book of Misfortune

   Spells                             Type                      Level
   a - Confusing Touch                Hexes                        1
   b - Confuse                        Hexes                        3
   c - Gell's Gravitas                Translocation                3
   d - Petrify                        Transmutation/Earth          4
   e - Metabolic Englaciation         Hexes/Ice                    5
   f - Yara's Violent Unravelling     Hexes/Transmutation          5
Comestibles
 f - 3 meat rations
 E - a royal jelly


   Skills:
 - Level 4.7 Fighting
 + Level 7.6 Axes
 - Level 0.8 Throwing
 - Level 0.8 Armour
 - Level 3.4 Dodging
 - Level 4.1 Unarmed Combat
 - Level 1.7 Spellcasting
 - Level 1.2 Hexes
 - Level 2.6 Translocations


You had 2 spell levels left.
You knew the following spells:

 Your Spells              Type           Power        Failure   Level  Hunger
a - Blink                 Tloc           N/A          21%         2    ###....
b - Shroud of Golubria    Chrm/Tloc      #.........   34%         2    ###....
c - Confusing Touch       Hex            #.....       24%         1    ##.....
d - Tukima's Dance        Hex            #.......     56%         3    ####...


Dungeon Overview and Level Annotations

Branches:
Dungeon (9/15)             Temple (0/1) D:7
   Lair: D:8-11         Orc: D:9-12

Altars:
Elyvilon
Fedhas
Gozag
Okawaru
Sif Muna
Trog
Uskayaw
The Shining One


Innate Abilities, Weirdness & Mutations

Your body is rotting away.
You thrive on raw meat.
You are immune to poison.
You have sharp fingernails.
You are carnivorous and can eat meat at any time.
Your flesh is cold resistant. (rC+)
You are immune to negative energy. (rN+++)
You do not regenerate when monsters are visible.
You are immune to unholy pain and torment.
You can survive without breathing.


Message History

The hippogriff bites you! The hippogriff closely misses you.
The hippogriff claws you.
You slash the hippogriff!
The hippogriff is heavily wounded.
The hippogriff bites you!
* * * LOW HITPOINT WARNING * * *
The hippogriff barely misses you. The hippogriff misses you.
You can now pass through a line of other dancers.
As you read the scroll of fear, it crumbles to dust.
You assume a fearsome visage.
The hippogriff resists with some effort.
The hippogriff bites you.
* * * LOW HITPOINT WARNING * * *
The hippogriff closely misses you. The hippogriff barely misses you.
You barely miss the hippogriff.
The hippogriff is heavily wounded.
The hippogriff bites you!
* * * LOW HITPOINT WARNING * * *
The hippogriff pecks you.
You die...

#### ... ..# ..#
######..#
#.......####.
#<..)@H......
.........#######...
.#####...# #...#
#...# #o..# #...#
#...#


You could see a hippogriff.

Vanquished Creatures
  Edmund (D:5)
  Purgy (Sewer)
  A sky beast (D:5)
  2 ogres (D:5)
  A big kobold (D:7)
  2 bullfrogs (D:7)
  2 scorpions
  2 howler monkeys
  3 crimson imps (D:5)
  2 hounds
  A quasit (D:5)
  2 orc priests (D:4)
  4 orc wizards
  An iguana (D:7)
  4 worker ants
  A hound skeleton (D:4)
  A howler monkey zombie (D:5)
  2 worker ant zombies
  An adder (D:4)
  A gnoll (D:1)
  An ooze (D:1)
  An adder skeleton (D:4)
  2 worms (D:3)
  A dart slug (D:2)
  3 leopard geckos
  10 orcs
  3 bats
  A giant cockroach (D:1)
  8 hobgoblins
  5 jackals
  A quokka (D:6)
  2 frilled lizards
  2 giant cockroach zombies (D:1)
  5 goblins
  9 kobolds
  A leopard gecko skeleton (D:5)
  6 rats
96 creatures vanquished.

Notes
Turn   | Place    | Note
-------+----------+-------------------------------------------
     0 | D:1      | Lavandula the Ghoul Warper began the quest for the Orb.
     0 | D:1      | Reached XP level 1. HP: 17/17 MP: 2/2
    62 | D:1      | Reached XP level 2. HP: 4/24 MP: 3/3
   181 | D:2      | Reached XP level 3. HP: 29/29 MP: 4/4
   185 | D:2      | Learned a level 2 spell: Blink
   188 | D:2      | Learned a level 2 spell: Shroud of Golubria
   719 | D:3      | Found a glowing drain.
   754 | D:3      | Reached XP level 4. HP: 25/36 MP: 2/5
   765 | Sewer    | Entered a sewer
   841 | Sewer    | Noticed Purgy
   859 | Sewer    | Killed Purgy
   859 | Sewer    | Reached XP level 5. HP: 43/47 MP: 4/6
   986 | D:3      | Learned a level 1 spell: Confusing Touch
  1084 | D:4      | Found a glowing golden altar of the Shining One.
  1086 | D:4      | Found a blossoming altar of Fedhas.
  1181 | D:4      | Reached XP level 6. HP: 34/53 MP: 4/7
  1541 | D:4      | Reached skill level 1 in Axes
  1623 | D:4      | Reached skill level 2 in Axes
  1661 | D:4      | Reached XP level 7. HP: 52/60 MP: 5/8
  1730 | D:5      | Entered Level 5 of the Dungeon
  1734 | D:5      | Reached skill level 3 in Axes
  1861 | D:5      | Got a translucent chain mail
  1897 | D:5      | Noticed Edmund
  1931 | D:5      | Killed Edmund
  1931 | D:5      | Reached skill level 4 in Axes
  2061 | D:5      | Found a bloodstained altar of Trog.
  2077 | D:6      | Found a hide-covered altar of Uskayaw.
  2077 | D:6      | Found a white marble altar of Elyvilon.
  2079 | D:6      | Found an opulent altar of Gozag.
  2089 | D:6      | Found a deep blue altar of Sif Muna.
  2089 | D:6      | Found an iron altar of Okawaru.
  2092 | D:6      | Became a worshipper of Uskayaw the Reveler
  2126 | D:5      | Reached * piety under Uskayaw
  2129 | D:5      | Reached ** piety under Uskayaw
  2130 | D:5      | Reached skill level 5 in Axes
  2151 | D:5      | Reached XP level 8. HP: 23/67 MP: 7/9
  2346 | D:5      | Reached skill level 6 in Axes
  2347 | D:5      | Reached *** piety under Uskayaw
  2417 | D:5      | Reached **** piety under Uskayaw
  2554 | D:6      | Identified Tuazo's Catalogue of Enchanting Ignition
  2560 | D:6      | Learned a level 3 spell: Tukima's Dance
  2630 | D:7      | Reached skill level 1 in Hexes
  2694 | D:7      | Found a staircase to the Ecumenical Temple.
  2782 | D:7      | Reached skill level 7 in Axes
  3215 | D:9      | Noticed a hippogriff
  3226 | D:9      | Slain by a hippogriff

Vault maps used:
D:1:      saegor_arrival_fortress
D:2:      first_bread, uniq_robin
D:3:      cheibrodos_sewer_entry_bend
D:4:      lemuel_crystal_altar, glass_columns_c, fedhas_altar_3
D:5:      hangedman_abyss_or_decor_stagger, bloody_trog, uniq_edmund
D:6:      nicolae_qazlal_style_of_elements, grunt_temple_overflow_open,
          dk_rats_in_the_wall
D:7:      temple_pool_b, grunt_ogre_cave, minmay_misc_feat_more_columns,
          uniq_crazy_yiuf_cottage
D:8:      gammafunk_temple_of_torment, nicolae_ru_sacrificial_ziggurat,
          nicolae_overflow_crystal_walls
D:9:      kennysheep_little_box, david_orc_3
Sewer:    sewer_the_crocodile

Skill      XL: |  1  2  3  4  5  6  7  8 |
---------------+-------------------------+-----
Unarmed Combat | 3 4 |  4.1
Fighting       | 4 |  4.7
Dodging        | 3 |  3.4
Axes           | 2 5 7 |  7.6
Hexes          | 1 |  1.2
Throwing       | |  0.8
Armour         | |  0.8
Spellcasting   | |  1.7
Translocations | |  2.6

Action                   |  1- 3 |  4- 6 |  7- 9 || total
-------------------------+-------+-------+-------++-------
Melee: Unarmed           |   145 |   117 |     4 ||   266
       Punch             |     3 |     3 |     1 ||     7
       Hand axe          |       |       |   234 ||   234
 Cast: Shroud of Golubri |     6 |     7 |    19 ||    32
       Blink             |       |       |     1 ||     1
Evoke: Wand              |       |     2 |       ||     2
  Use: Scroll            |     1 |     5 |     8 ||    14
 Stab: Paralysed         |       |       |     4 ||     4
  Eat: Chunk             |     9 |    12 |    20 ||    41
Armor: Leather armour    |    29 |    25 |    51 ||   105
Dodge: Dodged            |    54 |    59 |   151 ||   264

Table legend:
 A = Spawn XP
 B = Non-spawn XP
 C = Spawn XP percentage of total XP
 D = Spawn monster count
 E = Non-spawn monster count
 F = Spawn count percentage of total count
 G = Total turns spent on level
                    A         B        C        D         E        F      G
               +---------+---------+-------+---------+---------+-------+---------
         Total |       0 |    2104 |   0.0 |       0 |      96 |   0.0 |  3226
               +---------+---------+-------+---------+---------+-------+---------
           D:1 |       0 |      30 |   0.0 |       0 |       7 |   0.0 |   170
           D:2 |       0 |      40 |   0.0 |       0 |      22 |   0.0 |   396
           D:3 |       0 |      21 |   0.0 |       0 |      10 |   0.0 |   371
           D:4 |       0 |     400 |   0.0 |       0 |      16 |   0.0 |   671
           D:5 |       0 |     936 |   0.0 |       0 |      19 |   0.0 |   706
           D:6 |       0 |      78 |   0.0 |       0 |       3 |   0.0 |   120
           D:7 |       0 |     453 |   0.0 |       0 |      12 |   0.0 |   623
           D:9 |       0 |       3 |   0.0 |       0 |       1 |   0.0 |    17
         Sewer |       0 |     143 |   0.0 |       0 |       6 |   0.0 |   149
               +---------+---------+-------+---------+---------+-------+---------
